 Dungeon Crawl Stone Soup version 0.28.0 (webtiles) character file.

Game seed: 17871622429387501017

4053 themarg the Summoner (level 10, 0/68 HPs)
             Began as a Merfolk Summoner on Feb 14, 2022.
             Was an Initiate of Gozag.
             Slain by a gnoll (8 damage)
             ... on level 8 of the Dungeon.
             The game lasted 01:02:39 (9892 turns).

themarg the Summoner (Merfolk Summoner)             Turns: 9892, Time: 01:02:39

Health: 0/68       AC:  8    Str:  9    XL:     10   Next: 24%
Magic:  16/22      EV: 13    Int: 25    God:    Gozag
Gold:   58         SH:  5    Dex: 14    Spells: 14/25 levels left

rFire   . . .      SeeInvis .   w - +0 trident
rCold   . . .      Faith    .   (no shield)
rNeg    . . .      Spirit   .   a - +0 robe
rPois   .          Reflect  +   j - +0 helmet
rElec   .          Harm     .   (no cloak)
rCorr   .          Rampage  .   (no gloves)
Will    .....                   H - +0 pair of boots
Stlth   ++........              t - amulet of reflection
HPRegen 0.21/turn               h - +4 ring of protection
MPRegen 0.18/turn               r - +6 ring of intelligence

@: mighty, brilliant, about to teleport, gold aura, flying, hasted, very quick
A: (nimble swimmer 2), mertail
a: Renounce Religion, Potion Petition, Call Merchant, Bribe Branch


You were on level 8 of the Dungeon.
You worshipped Gozag.
Gozag was noncommittal.
You visited 2 branches of the dungeon, and saw 10 of its levels.

You collected 593 gold pieces.
You paid 535 gold pieces to Gozag.

Inventory:

Hand Weapons
 n - a +2 dagger of draining
 v - a +4 dagger of freezing
 w - a +0 trident (weapon)
Missiles
 c - 7 poisoned darts
 d - 91 stones (quivered)
 i - a throwing net
Armour
 a - a +0 robe (worn)
 j - a +0 helmet (worn)
 H - a +0 pair of boots (worn)
Magical Staves
 z - a staff of earth
 B - a staff of cold
Jewellery
 h - a +4 ring of protection (left hand)
 q - a +4 ring of protection
 r - a +6 ring of intelligence (right hand)
 t - an amulet of reflection (around neck)
Wands
 s - a wand of polymorph (7)
 C - a wand of iceblast (9)
 I - a wand of mindburst (11)
Scrolls
 e - a scroll of silence {unknown}
 f - 3 scrolls of teleportation
 g - 3 scrolls of identify {unknown}
 m - 2 scrolls of blinking {unknown}
 p - a scroll of enchant weapon {unknown}
 y - a scroll of fear {unknown}
 D - a scroll of immolation {unknown}
 J - a scroll of amnesia {unknown}
Potions
 b - 2 potions of mutation {unknown}
 k - a potion of brilliance {unknown}
 l - 2 potions of curing {unknown}
 o - 3 potions of flight
 u - a potion of attraction {unknown}
 x - a potion of haste {unknown}
 A - a potion of magic {unknown}
 E - a potion of resistance {unknown}
 F - a potion of lignification {unknown}
 G - 2 potions of degeneration {unknown}
 K - a potion of berserk rage {unknown}


   Skills:
 + Level 2.4 Fighting
 + Level 1.9 Short Blades
 + Level 5.2 Polearms
 + Level 4.3 Dodging
 + Level 3.5 Stealth
 + Level 0.3 Shields
 + Level 8.4 Spellcasting
 + Level 3.6 Hexes
 + Level 9.6 Summonings
 + Level 1.1 Air Magic


You had 14 spell levels left.
You knew the following spells:

 Your Spells              Type           Power      Damage    Failure   Level
a - Summon Small Mammal   Summ           100%       N/A       1%          1
b - Call Canine Familiar  Summ           73%        N/A       1%          3
c - Summon Guardian Gole  Hex/Summ       60%        N/A       1%          3
d - Summon Lightning Spi  Summ/Air       54%        N/A       6%          4

Your spell library contained the following spells:

 Spells                   Type           Power      Damage    Failure   Level
 Call Imp                 Summ           73%        N/A       1%          2
 Sandblast                Erth           30%        2d9       6%          1
 Passwall                 Tmut/Erth      12%        N/A       9%          2
 Mephitic Cloud           Conj/Pois/Air  18%        N/A       16%         3
 Ignite Poison            Fire/Tmut/Pois 15%        N/A       17%         3
 Stone Arrow              Conj/Erth      30%        3d8       17%         3
 Freezing Cloud           Conj/Ice/Air   9%         6-21      80%         5
 Conjure Ball Lightning   Conj/Air       9%         3x3d6     100%        6
 Discord                  Hex            21%        N/A       100%        8
 Disjunction              Tloc           7%         N/A       100%        8


Dungeon Overview and Level Annotations

Branches:
Dungeon (9/15)             Temple (1/1) D:6
   Lair: D:8-11         Orc: D:9-12

Altars:
Ashenzari
Dithmenos
Elyvilon
Gozag
Hepliaklqana
Kikubaaqudgha
Makhleb
Nemelex Xobeh
Okawaru
Qazlal
Ru
Sif Muna
Trog
Uskayaw
Vehumet
Wu Jian
Xom
Yredelemnul
Zin

Annotations:
D:2 1 runed translucent door, Crazy Yiuf
D:5 exclusion: downstairs


Innate Abilities, Weirdness & Mutations

((You are very nimble when in or above water. (Stealth+, EV+, Speed+++)))
Your lower body shifts to a powerful aquatic tail in water.


Message History

The gnoll is severely wounded.
The gnoll barely misses you. The gnoll hits you with a +0 spear.
You block the gnoll's attack. The gnoll sergeant barely misses you.
Reach: w) +0 trident
Press: ? - help, Dir - move target, f/p - gnoll
Aim: a gnoll, wielding a +0 spear (severely wounded, about 36% to evade your +0 trident)
You closely miss the gnoll.
The gnoll is severely wounded.
The gnoll hits you but does no damage.
The gnoll hits you from afar with a +0 halberd!
The gnoll misses you.
Reach: w) +0 trident
Press: ? - help, Dir - move target, f/p - gnoll
Aim: a gnoll, wielding a +0 spear (severely wounded, about 36% to evade your +0 trident)
You hit the gnoll.
The gnoll is almost dead.
The gnoll sergeant hits you from afar with a +0 spear.
* * * LOW HITPOINT WARNING * * *
Reach: w) +0 trident
Press: ? - help, Dir - move target, f/p - gnoll
Aim: a gnoll, wielding a +0 spear (almost dead, about 36% to evade your +0 trident)
You puncture the gnoll!
You kill the gnoll!
The gnoll hits you from afar with a +0 halberd.
* * * LOW HITPOINT WARNING * * *
The gnoll hits you from afar with a +0 spear.
* * * LOW HITPOINT WARNING * * *
The gnoll sergeant hits you from afar with a +0 spear.
* * * LOW HITPOINT WARNING * * *
Okay, then.
Throw: 91 stones
Press: ? - help, Q - select action, (/) - cycle Shift-Dir - straight line, f - gnoll
Aim: a gnoll, wielding a +0 spear (moderately wounded, ally target, 63% to hit)
Okay, then.
It was a potion of flight.
You feel very buoyant.
You fly up into the air.
The gnoll hits you from afar with a +0 halberd!
You die...
Your body crumbles into a pile of gold.

###.... # .....# .#
#...# ###..
#...####### ...
#.........####.#
#...#####......###...
#...# #####g.......
##.#### ####9####...
#....# ##...@hg.$...
####.# #(8.$#####...
#.# #...g.# #.#
#.).#.# #.# #(.. .g
#.# #... ... #.# #...
.... #.# #... ####.
#.# #... ##


You could see a gnoll sergeant, 2 gnolls, a friendly guardian golem (summoned),
a friendly warg (summoned, sheltered) and a friendly lightning spire (summoned,
sheltered).

Vanquished Creatures
  A yak (D:4)
  An ogre (D:5)
  A bullfrog zombie (D:5)
  A jelly (D:8)
  An orc priest (D:6)
  A hound (D:6)
  An iguana (D:7)
  2 orc wizards
  4 gnolls
  2 adders (D:3)
  An ufetubus (D:6)
  A dart slug (D:3)
  5 orcs
  A bat (D:1)
  3 endoplasms (D:1)
  3 giant cockroaches (D:3)
  A goblin (D:1)
  2 hobgoblins
  3 quokkas
  2 ball pythons
  7 kobolds
  2 rats
46 creatures vanquished.

Vanquished Creatures (collateral kills)
  A wyvern (D:8)
  3 yaks (D:5)
  2 steam dragons (D:7)
  4 sky beasts
  A black bear (D:4)
  2 ice beasts
  3 ogres
  A necrophage (D:4)
  A centaur (D:6)
  A bullfrog (D:7)
  A water moccasin zombie (D:5)
  A water moccasin skeleton (D:4)
  4 howler monkeys
  A centaur zombie (D:6)
  A crimson imp (D:6)
  2 hounds
  A gnoll shaman (D:6)
  4 orc priests
  2 bullfrog skeletons
  An iguana (D:5)
  A centaur skeleton (D:7)
  5 orc wizards
  6 gnolls
  4 adders
  A shadow imp (D:7)
  A white imp (D:6)
  An adder skeleton (D:4)
  A dart slug (D:1)
  19 orcs
  6 ball pythons
  5 endoplasms
  A giant cockroach (D:4)
  3 goblins
  A hobgoblin (D:4)
  3 bats
  2 frilled lizards
  5 kobolds
  A rat (D:1)
103 creatures vanquished.

Vanquished Creatures (others)
  2 yaks (D:5)
  An orc warrior (D:7)
  A hornet zombie (D:7)
  An ogre (D:4)
  A scorpion (D:5)
  2 orc priests (D:4)
  An orc (D:4)
  2 fungi (D:4)
11 creatures vanquished.

Grand Total: 160 creatures vanquished

Notes
Turn   | Place    | Note
-------+----------+-------------------------------------------
     0 | D:1      | themarg the Merfolk Summoner began the quest for the Orb.
     0 | D:1      | Reached XP level 1. HP: 13/13 MP: 3/3
   439 | D:1      | Reached XP level 2. HP: 11/19 MP: 5/5
  1319 | D:1      | Reached skill level 1 in Short Blades
  1638 | D:2      | Reached XP level 3. HP: 25/25 MP: 3/6
  2165 | D:2      | Learned a level 3 spell: Call Canine Familiar
  2406 | D:2      | Found a runed translucent door.
  2407 | D:2      | Noticed Crazy Yiuf
  2491 | D:3      | Reached XP level 4. HP: 15/31 MP: 3/7
  2498 | D:3      | Reached skill level 1 in Fighting
  3084 | D:3      | Reached XP level 5. HP: 24/37 MP: 6/9
  3244 | D:3      | Found a faded altar of an unknown god.
  3594 | D:3      | Learned a level 3 spell: Summon Guardian Golem
  3779 | D:3      | Reached skill level 5 in Summonings
  3848 | D:4      | Reached skill level 1 in Polearms
  3848 | D:4      | Reached XP level 6. HP: 42/43 MP: 4/11
  3907 | D:4      | Noticed a necrophage
  3965 | D:4      | Noticed a black bear
  4083 | D:4      | Killed a necrophage
  4408 | D:4      | Reached XP level 7. HP: 48/48 MP: 7/13
  4717 | D:4      | Reached skill level 6 in Summonings
  4892 | D:4      | Found a stormy altar of Qazlal.
  5203 | D:5      | Entered Level 5 of the Dungeon
  5364 | D:5      | Noticed a yak
  5373 | D:5      | Reached skill level 5 in Spellcasting
  5373 | D:5      | Reached skill level 1 in Hexes
  5373 | D:5      | Reached XP level 8. HP: 55/55 MP: 8/15
  5379 | D:5      | Noticed a yak
  5738 | D:5      | Reached skill level 7 in Summonings
  6275 | D:5      | Learned a level 4 spell: Summon Lightning Spire
  6278 | D:5      | Noticed a yak
  6279 | D:5      | Noticed a yak
  6279 | D:5      | Noticed a yak
  6281 | D:5      | Noticed a yak
  6288 | D:5      | Killed a yak
  6316 | D:4      | Killed a yak
  6424 | D:5      | Killed a yak
  6425 | D:5      | Reached XP level 9. HP: 61/61 MP: 5/18
  6439 | D:5      | Reached skill level 8 in Summonings
  6724 | D:5      | Found a glowing silver altar of Zin.
  7850 | D:6      | Reached skill level 1 in Air Magic
  7960 | D:6      | Found a staircase to the Ecumenical Temple.
  7977 | Temple   | Entered the Ecumenical Temple
  8365 | Temple   | Became a worshipper of Gozag Ym Sagoz the Greedy
  8601 | D:6      | Found a burning altar of Makhleb.
  9002 | D:7      | Reached skill level 9 in Summonings
  9035 | D:7      | Reached XP level 10. HP: 38/68 MP: 18/22
  9551 | D:7      | Reached skill level 5 in Polearms
  9750 | D:7      | You fall into a shaft and drop 2 floors!
  9892 | D:8      | Slain by a gnoll

Illustrated notes

Levels and vault maps discovered:
D:1:      amcnicky_arrival_blooded_trapdoor, layout_basic, minmay_pentomino_s2
D:2:      layout_rooms, uniq_crazy_yiuf_cottage
D:3:      minmay_door_path, layout_basic,
          dreamdust_ecumenical_altar_angels_and_demons
D:4:      layout_cave_pools, mainiacjoe_overflow_boulevard,
          hangedman_abyss_or_decor_slice, hangedman_decor_growths
D:5:      layout_basic, lemuel_doored_altar
D:6:      layout_loops_ring, makhleb_grotto_becter,
          minmay_temple_entry_sparse_star, st_stairs_9,
          chequers_serial_rivers_small_b
D:7:      layout_loops_ring, hangedman_misty_isle
D:8:      layout_rooms, nicolae_shop_unique_rings, minmay_manual_mail
D:9:      minmay_shrinking_squares, layout_gridville, minitemple,
          lair_entry_dummy
Temple:   eino_temple_scatter_basement

Skill      XL: |  1  2  3  4  5  6  7  8  9 10 |
---------------+-------------------------------+-----
Short Blades   | 1 |  1.9
Fighting       | 1 2 |  2.4
Spellcasting   | 3 4 5 6 8 |  8.4
Dodging        | 3 4 |  4.3
Summonings     | 5 6 7 9 |  9.6
Polearms       | 1 3 4 5 |  5.2
Stealth        | 3 |  3.5
Hexes          | 1 2 3 |  3.6
Air Magic      | 1 |  1.1
Shields        | |  0.3

Action                   |  1- 3 |  4- 6 |  7- 9 | 10-12 || total
-------------------------+-------+-------+-------+-------++-------
Melee: Short sword       |    54 |       |       |       ||    54
       Punch             |     2 |     1 |     1 |       ||     4
       Dagger            |     8 |    26 |       |       ||    34
       Spear             |       |    91 |     7 |       ||    98
       Trident           |       |       |    91 |    23 ||   114
Throw: Stone             |       |       |     1 |       ||     1
 Cast: Summon Small Mamm |    43 |    24 |     2 |       ||    69
       Call Canine Famil |       |    11 |    33 |     6 ||    50
       Summon Guardian G |       |     6 |    27 |     4 ||    37
       Summon Lightning  |       |       |     6 |     4 ||    10
Invok: Potion Petition   |       |       |       |     1 ||     1
  Use: Scroll            |       |     1 |       |     1 ||     2
       Potion            |       |       |       |     1 ||     1
 Stab: Distracted        |       |     1 |     1 |     1 ||     3
       Sleeping          |       |     1 |       |       ||     1
Armor: Robe              |    16 |    29 |    26 |     6 ||    77
Dodge: Dodged            |    48 |    69 |    27 |     9 ||   153
Block: Other             |       |     3 |     6 |     2 ||    11
       Reflection        |       |       |     1 |       ||     1
